 Dungeon Crawl Stone Soup version 0.28-a0-863-g8cecda6153 (webtiles) character file.

Game seed: 6824761690930355050

319 BinkBink the Skirmisher (level 6, -4/48 HPs)
             Began as a Mummy Monk on Nov 20, 2021.
             Slain by a yak (9 damage)
             ... on level 4 of the Dungeon.
             The game lasted 00:04:31 (3932 turns).

BinkBink the Skirmisher (Mummy Monk)                Turns: 3932, Time: 00:04:32

Health: -4/48      AC:  4    Str: 16    XL:     6   Next: 21%
Magic:  10/10      EV: 13    Int:  9    God:
Gold:   227        SH:  0    Dex: 15    Spells: 10/10 levels left

rFire   x . .      SeeInvis .   a - +0 mace
rCold   + . .      Faith    .   (no shield)
rNeg    + + +      Spirit   .   b - +0 robe
rPois   ∞          Reflect  .   e - +1 helmet
rElec   .          Harm     .   (no cloak)
rCorr   .          Rampage  .   (no gloves)
Will    .....                   (no boots)
Stlth   ++........              (no amulet)
HPRegen 0.16/turn               (no ring)
MPRegen 0.12/turn               (no ring)

@: no status effects
A: cold resistance 1, negative energy resistance 3, torment resistance 2, heat
vulnerability 1, no potions
a: no special abilities


You were on level 4 of the Dungeon.
You visited 1 branch of the dungeon, and saw 4 of its levels.

You collected 227 gold pieces.

Inventory:

Hand Weapons
 a - a +0 mace (weapon)
 p - a +0 hunting sling of flaming
Armour
 b - a +0 robe (worn)
 e - a +1 helmet (worn)
 h - a +0 pair of gloves
Jewellery
 f - an amulet of faith
 l - a ring of protection from cold
Wands
 n - a wand of mindburst (11)
 q - a wand of acid (13)
Scrolls
 c - a scroll of enchant armour {unknown}
 d - 3 scrolls of identify {unknown}
 g - 2 scrolls of amnesia {unknown}
 i - 3 scrolls of acquirement {unknown}
 j - a scroll of fear {unknown}
 k - a scroll of enchant weapon {unknown}
 m - 6 scrolls of teleportation {unknown}
 o - a scroll of silence {unknown}


   Skills:
 + Level 3.8 Fighting
 + Level 3.7 Maces & Flails
 * Level 1.7 Armour
 + Level 3.0 Dodging
 + Level 2.3 Stealth
 * Level 2.9 Spellcasting


You had 10 spell levels left.
You didn't know any spells.
Your spell library was empty.

Dungeon Overview and Level Annotations

Branches:
Dungeon (4/15)
 Temple: D:4-7

Altars:
Wu Jian

Shops:
D:2 !

Annotations:
D:2 1 runed translucent door, Crazy Yiuf


Innate Abilities, Weirdness & Mutations

You are immune to poison.
Your flesh is cold resistant. (rC+)
You are immune to negative energy. (rN+++)
You are immune to unholy pain and torment.
You are vulnerable to heat. (rF-)
You do not drink.


Message History

You feel stronger.
Magic restored.
HP restored.
Done exploring.
You climb downwards.
The yak closely misses you. The yak gores you!
There is a stone staircase leading up here.
You hit the yak but do no damage. The yak completely misses you.
You hit the yak.
The yak is lightly wounded.
The yak gores you.
You hit the yak but do no damage.
The yak is lightly wounded.
The yak closely misses you.
You hit the yak.
The yak is moderately wounded.
The yak gores you! The yak barely misses you.
You are too injured to fight recklessly!
You are too injured to fight recklessly!
You are too injured to fight recklessly!
You are too injured to fight recklessly!
You barely miss the yak.
The yak is moderately wounded.
The yak completely misses you.
You hit the yak.
The yak is moderately wounded.
The yak gores you!
You hit the yak.
The yak is heavily wounded.
The yak gores you but does no damage.
You hit the yak.
The yak is heavily wounded.
The yak gores you. The yak gores you!
* * * LOW HITPOINT WARNING * * *
You barely miss the yak.
The yak is heavily wounded.
The yak barely misses you.
You hit the yak.
The yak is severely wounded.
The yak gores you!
You die...

#####........####..#..#..#.#..
#..................[..#.......
#.###>...J............#.......
####.# #........################.
#....# #.....Y..# ######.
.....###........###########......
.....'...#######..........#.####.
.....##### #Y########.#.# #.
.....# #@# #.#.# #. ....## ###
#.#.# #. ....# #.#.# #. ....#
#.#.# ## ....# #.#.# ### ....#
######## #.#.# ...
....#########......######.#.# ...
#...........#.####........#.# ...
#(..........#.#############.# ...


You could see a yak.

Vanquished Creatures
  A yak (D:3)
  A jelly (D:4)
  Jessica (D:2)
  An iguana (D:4)
  A hound skeleton (D:4)
  A gnoll (D:1)
  2 adders
  2 dart slugs
  An orc (D:3)
  6 ball pythons
  6 endoplasms
  6 giant cockroaches
  2 goblins
  7 hobgoblins
  2 jackals (D:1)
  7 kobolds
  6 bats
  3 frilled lizards (D:1)
  4 rats
60 creatures vanquished.

Vanquished Creatures (others)
  3 fungi (D:2)
3 creatures vanquished.

Grand Total: 63 creatures vanquished

Notes
Turn   | Place    | Note
-------+----------+-------------------------------------------
     0 | D:1      | BinkBink the Mummy Monk began the quest for the Orb.
     0 | D:1      | Reached XP level 1. HP: 18/18 MP: 1/1
   267 | D:1      | Reached XP level 2. HP: 23/24 MP: 2/2
   348 | D:1      | Reached skill level 1 in Spellcasting
   646 | D:1      | Reached XP level 3. HP: 28/29 MP: 4/4
  1166 | D:2      | Noticed Jessica
  1192 | D:2      | Killed Jessica
  1193 | D:2      | Reached skill level 1 in Armour
  1193 | D:2      | Reached XP level 4. HP: 16/35 MP: 6/6
  1416 | D:2      | Found a runed translucent door.
  1417 | D:2      | Noticed Crazy Yiuf
  1482 | D:2      | Found a faded altar of an unknown god.
  1559 | D:2      | Found Muliet's Distillery.
  2228 | D:3      | Found an ornate altar of the Wu Jian Council.
  2948 | D:4      | Reached XP level 5. HP: 31/41 MP: 8/8
  3455 | D:4      | Noticed a yak
  3455 | D:4      | Noticed a yak
  3651 | D:4      | Noticed a yak
  3655 | D:4      | Noticed a yak
  3731 | D:3      | Killed a yak
  3732 | D:3      | Reached XP level 6. HP: 17/48 MP: 8/10
  3932 | D:4      | Slain by a yak

Illustrated notes

Levels and vault maps discovered:
D:1:      dpeg_arrival_radiant, layout_loops_ring
D:2:      layout_rooms, ebering_ecumenical_altar_hall, serial_shops, shop,
          uniq_jessica, uniq_crazy_yiuf_cottage
D:3:      layout_loops_ring, nzn_wu_jian_council_hall
D:4:      layout_basic, hangedman_abyss_or_decor_passed

Skill      XL: |  1  2  3  4  5 |
---------------+----------------+-----
Spellcasting   | 1 2 |  2.9
Armour         | 1 |  1.7
Maces & Flails | 3 |  3.7
Stealth        | 2 |  2.3
Dodging        | 3 |  3.0
Fighting       | |  3.8

Action                   |  1- 3 |  4- 6 || total
-------------------------+-------+-------++-------
Melee: Mace              |    99 |   127 ||   226
 Stab: Sleeping          |     3 |     4 ||     7
Armor: Robe              |    28 |    29 ||    57
Dodge: Dodged            |    81 |    76 ||   157

Table legend: (Time is in decaauts)
 A = Elapsed time spent in this place.
 B = Non-inter-level travel time spent in this place.
 C = Inter-level travel time spent in this place.
 D = Time resting spent in this place.
 E = Time spent auto-exploring this place.
 F = Levels seen in this place.
 G = Mean time per level.
                   A        B        C        D        E       F      G
               +--------+--------+--------+--------+--------+-----+--------+
         Total |   3991 |   3882 |    109 |      0 |   3198 |   4 |  997.8 |
       Dungeon |   3991 |   3882 |    109 |      0 |   3198 |   4 |  997.8 |
               +--------+--------+--------+--------+--------+-----+--------+

Top non-repeatable levels by time:
     D:3: 1264 daAuts
     D:1: 978 daAuts
     D:4: 893 daAuts
     D:2: 853 daAuts
